 Dungeon Crawl Stone Soup version 0.20-a0-1122-gb7cbeb9 (webtiles) character file.

140 M4edhros the Insei (level 5, -6/31 HPs)
             Began as an Octopode Necromancer on May 11, 2017.
             Mangled by Grinder (10 damage)
             ... while paralysed by Grinder
             ... on level 4 of the Dungeon.
             The game lasted 00:02:22 (385 turns).

M4edhros the Insei (Octopode Necromancer)            Turns: 385, Time: 00:02:22

Health: -6/31      AC:  1    Str:  7    XL:     5   Next: 22%
Magic:  6/8        EV:  2    Int: 18    God:
Gold:   103        SH:  0    Dex: 15    Spells: 3/8 levels left

rFire    . . .     SeeInvis .   e - +2 hand axe (drain)
rCold    + . .     Gourm    .   (no shield)
rNeg     . . .     Faith    .   (helmet restricted)
rPois    .         Spirit   .   (no amulet)
rElec    .         Reflect  .   (no ring)
rCorr    .         Harm     .   (no ring)
MR       .....     Rnd*Rage +   (no ring)
Stlth    +++.......             (no ring)
Regen    0.1/turn               (no ring)
MPRegen  0.2/turn               (no ring)
                                (no ring)
                                (no ring)

@: paralysed, hasted and slowed
A: almost no armour, stealthy swim, amphibious, 8 rings, constrict 8, camouflage
1, agile 1, berserk 1, cold resistance 1, gelatinous body 1
a: no special abilities


You were on level 4 of the Dungeon.
You were not hungry.

You visited 1 branch of the dungeon, and saw 4 of its levels.

You collected 103 gold pieces.

Inventory:

Hand Weapons
 e - a +2 hand axe of draining (weapon)
Missiles
 d - 3 javelins (quivered)
Jewellery
 j - a +2 ring of strength {unknown}
Scrolls
 c - a scroll of teleportation {unknown}
 f - a scroll of magic mapping {unknown}
 l - a scroll of remove curse {unknown}
 n - a scroll of identify {unknown}
Potions
 k - a potion of mutation
Books
 a - a book of Necromancy

   Spells                             Type                      Level
   a - Pain                           Necromancy                   1
   b - Animate Skeleton               Necromancy                   1
   c - Vampiric Draining              Necromancy                   3
   d - Regeneration                   Charms/Necromancy            3
   e - Animate Dead                   Necromancy                   4
   f - Control Undead                 Necromancy                   4
Comestibles
 b - a bread ration


   Skills:
 - Level 2.0 Dodging
 - Level 2.6 Stealth
 + Level 4.7 Unarmed Combat
 - Level 2.0 Spellcasting
 - Level 4.0 Necromancy


You had 3 spell levels left.
You knew the following spells:

 Your Spells              Type           Power        Failure   Level  Hunger
a - Pain                  Necr           ###.         3%          1    #......
b - Animate Skeleton      Necr           N/A          3%          1    #......
c - Regeneration          Chrm/Necr      #.........   24%         3    ###....


Dungeon Overview and Level Annotations

Branches:
Dungeon (4/15)
 Temple: D:4-7

Altars:

Shops:
D:4 (

Annotations:
D:4 Grinder


Innate Abilities, Weirdness & Mutations

You cannot wear most types of armour.
You are very stealthy in the water. (Stealth+)
You are amphibious.
You can wear up to eight rings at the same time.
You can use your tentacles to constrict eight enemies at once.
Your skin changes colour to match your surroundings (Stealth+).
Your rubbery body absorbs attacks. (AC +1, EV +1)
You are agile. (Dex +2)
You tend to lose your temper in combat.
Your flesh is cold resistant. (rC+)


Message History

You closely miss Grinder. You grab Grinder.
Grinder is heavily wounded.
You constrict Grinder. Grinder hits you but does no damage.
You aren't carrying any items that you can evoke.
Okay, then.
You completely miss Grinder.
Grinder is heavily wounded.
You constrict Grinder, but do no damage.
Grinder says, "DUCK!"
Grinder gestures at you.
You suddenly lose the ability to move!
You lose your grip on Grinder.
Grinder blinks!
The frilled lizard bites you.
* * * LOW HITPOINT WARNING * * *
Grinder gestures at you.
You barely resist. The frilled lizard bites you.
* * * LOW HITPOINT WARNING * * *
Grinder hits you!
You die...

#.........#
#.........# #
#.###.###.# #.
#.# #.# #.# ..
#.# #.# #.# ..
#.# #.# #.# #.
#.# #.#.#.#
#.##.###.....#
#.l@5.........
#.##.........#
#. ######..###
#. ## .. #. #


You could see Grinder and a frilled lizard.

Vanquished Creatures
  A scorpion (D:4)
  A hound (D:4)
  A centaur skeleton (D:4)
  An ooze (D:1)
  2 adder skeletons (D:4)
  3 bats
  3 goblins (D:1)
  3 hobgoblins (D:1)
  2 jackals (D:1)
  2 kobolds (D:1)
  3 rats (D:1)
22 creatures vanquished.

Notes
Turn   | Place    | Note
-------+----------+-------------------------------------------
     0 | D:1      | M4edhros the Octopode Necromancer began the quest for the Orb.
     0 | D:1      | Reached XP level 1. HP: 11/11 MP: 3/3
     7 | D:1      | Noticed a wolf
     7 | D:1      | Noticed a polar bear
     7 | D:1      | Noticed a black mamba
     7 | D:1      | Noticed a five-headed hydra
    26 | D:1      | Reached skill level 1 in Unarmed Combat
    37 | D:1      | Reached XP level 2. HP: 15/17 MP: 5/5
   119 | D:1      | Learned a level 1 spell: Animate Skeleton
   204 | D:2      | Reached XP level 3. HP: 12/21 MP: 4/6
   209 | D:2      | Learned a level 3 spell: Regeneration
   273 | D:4      | Noticed a scorpion
   280 | D:4      | Killed a scorpion
   280 | D:4      | Reached XP level 4. HP: 18/27 MP: 3/7
   298 | D:4      | Found Caxum's Weapon Shoppe.
   338 | D:4      | Reached XP level 5. HP: 12/31 MP: 6/8
   364 | D:4      | Noticed Grinder
   376 | D:4      | Paralysed by Grinder for 4 turns
   379 | D:4      | Gained mutation: You tend to lose your temper in combat. [potion of mutation]
   379 | D:4      | Gained mutation: Your flesh is cold resistant. (rC+) [potion of mutation]
   379 | D:4      | Gained mutation: You are agile. (Dex +2) [potion of mutation]
   382 | D:4      | Paralysed by Grinder for 5 turns
   385 | D:4      | Mangled by Grinder

Vault maps used:
D:1:      onia_arrival_zoo_common, minmay_hexomino_f4
D:2:      nicolae_overflow_crystal_walls, first_bread, st_stairs_3, uniq_robin
D:3:      lightli_temple_of_fire
D:4:      cheibrodos_old_hovel, temple_fountains, serial_shops, shop,
          uniq_grinder

Skill      XL: |  1  2  3  4 |
---------------+-------------+-----
Unarmed Combat | 1 2 3 4 |  4.7
Dodging        | |  2.0
Stealth        | |  2.6
Spellcasting   | |  2.0
Necromancy     | |  4.0

Action                   |  1- 3 |  4- 6 || total
-------------------------+-------+-------++-------
Melee: Hand axe          |    27 |    17 ||    44
       Constrict         |     5 |     6 ||    11
       Tentacles         |     2 |     4 ||     6
       Punch             |       |     2 ||     2
 Cast: Animate Skeleton  |     2 |       ||     2
       Pain              |     5 |       ||     5
       Regeneration      |       |     2 ||     2
  Use: Potion            |       |     5 ||     5
 Stab: Sleeping          |       |     2 ||     2
Armor: Skin              |     2 |     2 ||     4
Dodge: Dodged            |    26 |    11 ||    37
